AoeStats
← ShogunPilo

Arabian Desert

509694690Analyzed
1v1 RM · 4d ago on Sep 27, 2026· 26m 6s· 2 players
Game mode
Random Map
Map size
Tiny (2 player)
Population
200
Speed
Normal
Resources
Standard
Victory
Conquest
Starting age
Dark Age
Ending age
Imperial Age
RankedLock teamsTeams togetherTeam positionsShared explorationLock speedFull tech treeHidden civsTurbo modeCheats
Victory
Defeat
🇨🇦 Saxons · Canada
1079
+15
🇦🇷 Saxons · Argentina
1059
-15
ShogunPilo
5:46 Loom
11:01 Feudal Age
11:13 Man-at-Arms
16:54 Horse Collar
17:12 Arson
21:32 Castle Age
19:57 Fletching
20:05 Double-Bit Axe
20:21 Gold Mining
21:57 Crossbowman
22:43 Thumb Ring
23:02 Bodkin Arrow
nic.87
10:12 Feudal Age
14:22 Castle Age
12:12 Loom
16:54 Double-Bit Axe
Connection lost

Rejoining the realm…

Still unreachable

The connection could not be restored.

Session expired

The server has moved on; the page needs a fresh start.